 Dungeon Crawl Stone Soup version 0.25-a0-690-g234afa5 (webtiles) character file.

Game seed: 3882259034807000070, levelgen mode: deterministic

36325 robertstho the Brawler (level 13, 0/123 HPs)
             Began as a Troll Monk on Mar 30, 2020.
             Was the Champion of Okawaru.
             Killed from afar by a raiju (9 damage)
             ... with a living lightning
             ... on level 3 of the Abyss.
             The game lasted 00:27:43 (11521 turns).

robertstho the Brawler (Troll Monk)                Turns: 11521, Time: 00:27:44

Health: 0/123      AC: 28    Str: 22    XL:     13   Next: 52%
Magic:  10/17      EV: 15    Int:  6    God:    Okawaru [******]
Gold:   614        SH: 17    Dex: 18    Spells: 12/12 levels left

rFire    x . .     SeeInvis +     - Unarmed
rCold    + + .     Gourm    +   I - +2 kite shield {AC+3}
rNeg     . . .     Faith    .   j - +1 ice dragon scales of the Tuna {rPois rF- rC++ Str-4 Dex+8 SInv} (curse)
rPois    +         Spirit   .   q - +2 hat
rElec    .         Reflect  +   D - +0 cloak
rCorr    +         Harm     .   (gloves unavailable)
MR       .....                  (boots unavailable)
Stlth    ++........             z - +2 amulet of reflection
HPRegen  0.70/turn              i - +3 ring of protection
MPRegen  0.15/turn              M - ring of resist corrosion

@: heroism, finesse, studying Shields
A: large, unfitting armour, claws 3, clumsy 1, fast metabolism 3, gourmand,
regeneration 1, shaggy fur 1, tough skin 3
a: Heroism, Finesse, Renounce Religion


You were on level 3 of the Abyss.
You worshipped Okawaru.
Okawaru was exalted by your worship.
You were completely stuffed.

You visited 1 branch of the dungeon, and saw 14 of its levels.
You visited the Abyss 1 time.
You also visited: Ice Cave.

You collected 1003 gold pieces.
You spent 389 gold pieces at shops.

Inventory:

Hand Weapons
 y - a +1 scimitar of flaming
Missiles
 e - 21 large rocks (quivered)
 B - 2 throwing nets
Armour
 j - the cursed +1 ice dragon scales of the Tuna (worn) {rPois rF- rC++ Str-4 Dex+8 SInv}
   (You found it in an ice cave)

   It affects your strength (-4).
   It affects your dexterity (+8).
   It makes you vulnerable to fire.
   It greatly protects you from cold.
   It protects you from poison.
   It lets you see invisible.
   It has a curse placed upon it.
 k - a +2 robe
 q - a +2 hat (worn)
 D - a +0 cloak (worn)
 F - a +1 robe of fire resistance
 H - a +0 robe of magic resistance
 I - a +2 kite shield of protection (worn)
Jewellery
 g - an uncursed ring of poison resistance
 i - a +3 ring of protection (left claw)
 z - a +2 amulet of reflection (around neck)
 M - a ring of resist corrosion (right claw)
Wands
 v - a wand of acid (20)
Scrolls
 d - 7 scrolls of remove curse
 f - a scroll of acquirement {unknown}
 h - 2 scrolls of enchant armour {unknown}
 l - 7 scrolls of teleportation
 o - 3 scrolls of enchant weapon {unknown}
 r - 4 scrolls of magic mapping
 t - 4 scrolls of immolation {unknown}
 u - 4 scrolls of fog
 w - a scroll of summoning
 x - a scroll of silence
 A - 3 scrolls of fear
 E - a scroll of holy word
Potions
 c - 3 potions of cancellation
 m - 4 potions of lignification
 n - 4 potions of stabbing
 p - 2 potions of flight
 s - 3 potions of curing
 L - a potion of berserk rage {unknown}
 N - 2 potions of haste
Books
 a - a manual of Shields
Miscellaneous
 J - a phantom mirror
Comestibles
 b - 28 rations
 O - 25 chunks of flesh


   Skills:
 * Level 6.9(11.9) Fighting
 + Level 0.5(5.5) Throwing
 * Level 7.0(12.0) Armour
 + Level 6.0(11.0) Dodging
 + Level 2.6(7.6) Stealth
 + Level 7.5(12.5) Shields
 * Level 15.6(20.6) Unarmed Combat
 * Level 7.7 Invocations


You had 12 spell levels left.
You didn't know any spells.
Your spell library contained the following spells:

 Spells                   Type           Power        Failure   Level  Hunger
 Animate Skeleton         Necr           N/A          77%         1    ##.....
 Freeze                   Ice            #...         77%         1    ##.....
 Pain                     Necr           #...         77%         1    ##.....
 Frozen Ramparts          Ice            #.....       98%         3    ####...
 Ozocubu's Armour         Chrm/Ice       #.......     98%         3    ####...
 Vampiric Draining        Necr           #.........   98%         3    ####...
 Animate Dead             Necr           N/A          100%        4    #####..
 Hailstorm                Conj/Ice       #.......     100%        4    #####..
 Summon Ice Beast         Ice/Summ       #.......     100%        4    #####..
 Agony                    Necr           #.......     100%        5    ######.


Dungeon Overview and Level Annotations

Branches:
Dungeon (14/15)            Temple (0/1) D:4            Lair (0/6) D:8
    Orc (0/2) D:10          IceCv (visited)
 Vaults: D:13-14

Altars:
Ashenzari
Dithmenos
Gozag
Kikubaaqudgha
Okawaru
Qazlal
Ru
Vehumet
Wu Jian
Xom
Yredelemnul
Zin
Beogh

Shops:
D:4 [*[*?   D:6 *   D:12 (   D:13 :

Annotations:
D:4 hat / robe / cloak
D:6 potion shop


Innate Abilities, Weirdness & Mutations

You are too large for most types of armour.
You have claws for hands.
Your metabolism is lightning-fast.
You like to eat raw meat.
Your natural rate of healing is unusually fast.
You are covered in fur. (AC +1)
You have extremely tough skin. (AC +3)
You are clumsy. (Dex -2)


Message History

The raiju bites you.
* * * LOW HITPOINT WARNING * * *
The raiju shocks you!
* * * LOW HITPOINT WARNING * * *
You scratch the raiju.
You kill the raiju!
Okawaru accepts your kill. You block the raiju's attack.
You mangle the raiju!!
The raiju is almost dead.
You hear two shouts!
You mangle the raiju!!
You kill the raiju!
Okawaru accepts your kill.
Your base Armour skill increases to level 7!
The raiju bursts into living lightning!
The living lightning hits you!
* * * LOW HITPOINT WARNING * * *
The living lightning hits you!
You die...

##. ... . .# ### .
. ..###...#..#
#... ##... #
..........# #. ...
.÷÷)÷#. ..#
..)..##. . ...#
.##.#.####÷. . #
...#.#.. ... #
...#
#.......##......##
# ## .. #@# . ...#
### #.†##.# ###
#.....#h.#.. ## #
. ...###.. ).#
#... #..#.#.# ###
#..#..# #.....
.#.. ....#


You could see a raiju.

Vanquished Creatures
  Gastronok (D:8)
  Josephine (D:11)
  A hydra (D:12)
  Erica (D:8)
  2 centaur warriors
  5 two-headed ogres
  A wizard (D:14)
  2 unseen horrors
  A deep elf mage (D:12)
  Pikel (D:8)
  A necromancer (D:14)
  3 ugly things
  2 cyclopes
  A manticore (D:14)
  Joseph (D:8)
  3 ice statues (IceCv)
  A gargoyle (D:10)
  2 ice devils (D:14)
  3 trolls
  A hornet (D:4)
  5 slime creatures (D:13)
  5 hippogriffs
  10 raiju (Abyss:3)
  A meliai zombie (D:12)
  16 yaks (D:11)
  8 wraiths (D:11)
  A spriggan (D:9)
  14 humans (D:14)
  A wyvern (D:14)
  2 basilisks
  A neqoxec (Abyss:3)
  4 vampire mosquitoes (D:13)
  An acid dragon (D:12)
  A soldier ant (D:11)
  A black bear (D:11)
  3 sky beasts
  2 slaves (D:7)
  7 ice beasts
  An eye of draining (D:13)
  7 orc warriors
  5 ogres
  A necrophage (D:11)
  12 centaurs
  3 bullfrogs
  A big kobold (D:8)
  A gnoll sergeant (D:7)
  7 scorpions
  12 killer bees
  11 wights
  4 howler monkeys
  5 crimson imps
  A bullfrog zombie (D:7)
  5 centaur zombies
  7 hounds
  5 human zombies (D:11)
  2 quasits
  4 bullfrog skeletons
  7 centaur skeletons
  A jelly (D:6)
  11 orc priests
  4 iguanas
  15 orc wizards
  8 worker ants
  An ogre zombie (D:11)
  A mummy (D:11)
  A worker ant zombie (D:8)
  A howler monkey skeleton (D:5)
  13 gnolls
  10 adders
  3 shadow imps
  An ufetubus (Abyss:3)
  An adder skeleton (D:9)
  A worm (D:3)
  A leopard gecko (D:11)
  54 orcs
  6 bats
  4 giant cockroaches
  7 hobgoblins
  5 jackals
  23 kobolds
  4 quokkas
  4 ball pythons
  12 frilled lizards
  12 goblins
  7 rats
429 creatures vanquished.

Vanquished Creatures (others)
  A centaur warrior (D:13)
  A cyclops (D:13)
  2 slaves (D:8)
  A centaur (D:13)
5 creatures vanquished.

Grand Total: 434 creatures vanquished

Notes
Turn   | Place    | Note
-------+----------+-------------------------------------------
     0 | D:1      | robertstho the Troll Monk began the quest for the Orb.
     0 | D:1      | Reached XP level 1. HP: 22/22 MP: 0/0
    79 | D:1      | Reached XP level 2. HP: 29/29 MP: 1/1
   180 | D:1      | Found an iron altar of Okawaru,
   201 | D:1      | Became a worshipper of Warmaster Okawaru
   201 | D:1      | Reached * piety under Okawaru
   201 | D:1      | Reached ** piety under Okawaru
   402 | D:2      | Reached XP level 3. HP: 36/36 MP: 2/2
   784 | D:2      | Found a glowing silver altar of Zin,
  1045 | D:3      | Noticed a fire elemental
  1052 | D:3      | Noticed a water elemental
  1053 | D:3      | Found a stormy altar of Qazlal,
  1063 | D:3      | Reached XP level 4. HP: 39/44 MP: 3/3
  1114 | D:3      | Reached skill level 4 in Unarmed Combat
  1291 | D:3      | Reached XP level 5. HP: 14/53 MP: 4/4
  1294 | D:3      | Reached skill level 1 in Armour
  1319 | D:3      | Noticed an air elemental
  1368 | D:3      | Reached skill level 1 in Invocations
  1452 | D:3      | Found a shadowy altar of Dithmenos,
  1642 | D:4      | Found Ilieripp's General Store,
  1650 | D:4      | Bought a +2 robe for 127 gold pieces
  1650 | D:4      | Bought a scroll of fog for 20 gold pieces
  1650 | D:4      | Bought a scroll of identify for 20 gold pieces
  1710 | D:4      | Found Xabiut's Antique Armour Shop,
  1862 | D:4      | Noticed a hornet
  1863 | D:4      | Reached skill level 5 in Unarmed Combat
  1868 | D:4      | Paralysed by a hornet for 1 turns
  1873 | D:4      | Killed a hornet
  1873 | D:4      | Reached XP level 6. HP: 12/61 MP: 2/6
  1874 | D:4      | Reached *** piety under Okawaru
  2082 | D:4      | Found Fonnik's Assorted Antiques,
  2102 | D:4      | Found Qomm's Magic Scroll Emporium,
  2110 | D:4      | Bought a scroll labeled LIUFEU NODWA for 24 gold pieces
  2110 | D:4      | Bought a scroll labeled LAUGGURGHIFU for 24 gold pieces
  2116 | D:4      | Found a staircase to the Ecumenical Temple,
  2118 | D:4      | Bought a scroll of teleportation for 42 gold pieces
  2118 | D:4      | Bought a scroll of random uselessness for 14 gold pieces
  2118 | D:4      | Bought a scroll of identify for 28 gold pieces
  2296 | D:4      | Reached skill level 6 in Unarmed Combat
  2296 | D:4      | Reached XP level 7. HP: 52/67 MP: 7/7
  2553 | D:4      | Found Otologess's Antique Armour Shop,
  2614 | D:5      | Entered Level 5 of the Dungeon
  2650 | D:5      | Found an ornate altar of the Wu Jian Council,
  3009 | D:5      | Reached skill level 7 in Unarmed Combat
  3222 | D:5      | Reached skill level 1 in Shields
  3222 | D:5      | Reached XP level 8. HP: 78/78 MP: 5/8
  3746 | D:6      | Found a glowing silver altar of Zin,
  3747 | D:6      | Found Racozxis's Hallowed Reliquary,
  3747 | D:6      | Noticed an angel
  3753 | D:6      | Bought a scroll of holy word for 90 gold pieces
  3816 | D:6      | Reached skill level 8 in Unarmed Combat
  3890 | D:6      | Reached **** piety under Okawaru
  3967 | D:6      | Found a radiant altar of Vehumet,
  4085 | D:6      | Reached XP level 9. HP: 84/84 MP: 10/10
  4109 | D:6      | Found an ancient bone altar of Kikubaaqudgha,
  4150 | D:6      | Found a shimmering altar of Xom,
  4743 | D:7      | Reached skill level 9 in Unarmed Combat
  4901 | D:7      | Found a basalt altar of Yredelemnul,
  5244 | D:8      | Noticed Pikel
  5244 | D:8      | Noticed Joseph
  5338 | D:8      | Killed Pikel
  5338 | D:8      | Reached ***** piety under Okawaru
  5350 | D:8      | HP: 3/85 [Joseph/+0 quarterstaff (14)]
  5353 | D:8      | Killed Joseph
  5459 | D:8      | Noticed Gastronok
  5472 | D:8      | Killed Gastronok
  5472 | D:8      | Received a gift from Okawaru
  5472 | D:8      | Reached skill level 10 in Unarmed Combat
  5472 | D:8      | Reached XP level 10. HP: 94/94 MP: 12/12
  5763 | D:8      | Reached skill level 5 in Fighting
  5853 | D:8      | Found a staircase to the Lair,
  5967 | D:8      | Noticed Erica
  5979 | D:8      | Killed Erica
  5979 | D:8      | Reached skill level 11 in Unarmed Combat
  6217 | D:9      | Found a shattered altar of Ashenzari,
  6256 | D:9      | Found a sacrificial altar of Ru,
  6465 | D:9      | Reached skill level 5 in Invocations
  6498 | D:9      | Reached ****** piety under Okawaru
  6533 | D:9      | Noticed a two-headed ogre
  6544 | D:9      | Killed a two-headed ogre
  6544 | D:9      | Received a gift from Okawaru
  6654 | D:9      | Found an opulent altar of Gozag,
  6805 | D:9      | Got a pitted falchion
  6806 | D:9      | Identified the +4 falchion "Nemy" {vorpal, +Rage MR+} (You
                  | found it on level 9 of the Dungeon)
  6838 | D:10     | Entered Level 10 of the Dungeon
  6897 | D:10     | Received a gift from Okawaru
  7047 | D:10     | Noticed a gargoyle
  7050 | D:10     | Reached skill level 12 in Unarmed Combat
  7051 | D:10     | Found a staircase to the Orcish Mines,
  7054 | D:10     | Killed a gargoyle
  7054 | D:10     | Reached XP level 11. HP: 68/104 MP: 13/13
  7066 | D:10     | Received a gift from Okawaru
  7094 | D:10     | Noticed a centaur warrior
  7113 | D:10     | Killed a centaur warrior
  7201 | D:10     | Noticed a two-headed ogre
  7213 | D:10     | Killed a two-headed ogre
  7558 | D:10     | Found a roughly hewn altar of Beogh,
  7767 | D:11     | Reached skill level 5 in Dodging
  7906 | D:11     | Reached skill level 5 in Armour
  7917 | D:11     | Reached skill level 13 in Unarmed Combat
  7955 | D:11     | Reached skill level 5 in Shields
  8192 | D:11     | Received a gift from Okawaru
  8257 | D:11     | Noticed Josephine
  8269 | D:11     | Killed Josephine
  8273 | D:11     | Reached XP level 12. HP: 114/114 MP: 15/15
  8333 | D:11     | Found a basalt altar of Yredelemnul,
  8649 | D:12     | Noticed a two-headed ogre
  8660 | D:12     | Killed a two-headed ogre
  8850 | D:12     | Found Luzxegax's Weapon Boutique,
  8875 | D:12     | Noticed a six-headed hydra
  8890 | D:12     | Killed an eight-headed hydra
  8890 | D:12     | Reached skill level 14 in Unarmed Combat
  9274 | D:13     | Noticed a two-headed ogre
  9284 | D:13     | Killed a two-headed ogre
  9465 | D:13     | Found Teacaeg's Book Shoppe,
  9567 | D:13     | Noticed a centaur warrior
  9570 | D:13     | Killed a centaur warrior
 10101 | D:13     | Received a gift from Okawaru
 10528 | D:13     | Noticed a two-headed ogre
 10532 | D:13     | Killed a two-headed ogre
 10731 | D:14     | Reached XP level 13. HP: 97/123 MP: 17/17
 10793 | D:14     | Reached skill level 15 in Unarmed Combat
 10864 | D:14     | Found a frozen archway,
 10892 | IceCv    | Entered an ice cave
 11109 | IceCv    | Got steaming ice dragon scales
 11142 | IceCv    | Identified the cursed +1 ice dragon scales of the Tuna
                  | {rPois rF- rC++ Str-4 Dex+8 SInv} (You found it in an ice
                  | cave)
 11409 | D:14     | Cast into level 3 of the Abyss (a wizard)
 11484 | Abyss:3  | Gained mutation: You are clumsy. (Dex -2) [a neqoxec]
 11487 | Abyss:3  | Received a gift from Okawaru
 11521 | Abyss:3  | Killed from afar by a raiju

Levels and vault maps discovered:
D:1:      wander_arrival_peaceful_grave, layout_rooms, okawaru_ov_weapons_minmay
D:2:      layout_loops_cross, old_standard_altar
D:3:      layout_rooms, lemuel_doored_altar, nicolae_qazlal_style_of_elements
D:4:      layout_loops_corners, minmay_temple_entry_junction, first_ration,
          serial_shops, shop, nicolae_shop_overgrown_old_shop, shop,
          nicolae_shop_competitors_out_of_business, shop,
          minmay_manual_monstrance
D:5:      corexii_shantytown, layout_basic, kennysheep_mini_moat,
          minmay_statues_item, chequers_serial_rivers_micro_e
D:6:      layout_basic, nicolae_overflow_hidden_temple, marbit_many_paths,
          basic_altar, nicolae_good_shop
D:7:      layout_loops_ring, lemuel_coloured_pillars_altar,
          chequers_decorated_corner
D:8:      layout_basic, lair_entry_dummy, uniq_psyche, uniq_pikel, uniq_erica,
          uniq_gastronok, uniq_joseph
D:9:      layout_basic, nicolae_ru_great_annihilating_truth,
          grunt_gozag_statues, grunt_pizzeria, nicolae_ashenzari_panopticon
D:10:     layout_small_grid, minmay_orc_entry_temple_small, minivault_20
D:11:     layout_loops_ring, lemuel_mausoleum_altar_yredelemnul, uniq_josephine
D:12:     layout_loops_cross, serial_shops, kennysheep_little_box
D:13:     layout_basic, serial_shops, nicolae_shop_window_shopping
D:14:     layout_rooms, grunt_vaults_entry_tiered, nicolae_lava_and_water,
          portal_ice_cave_demonic_guard, st_stairs_13
Abyss:3:  base: D:2, evilmike_nicolae_abyss_rune_containment_curve,
          minivault_19, gammafunk_abyss_rune_reverse_zot

Skill      XL: |  1  2  3  4  5  6  7  8  9 10 11 12 13 |
---------------+----------------------------------------+-----
Unarmed Combat | 4 5 6 7 8 10 12 13 14 15 | 15.6
Fighting       | 3 4 5 6 |  6.9
Armour         | 1 2 3 4 5 6 7 |  7.0
Invocations    | 1 2 3 4 5 6 7 |  7.7
Dodging        | 3 4 5 6 |  6.0
Shields        | 1 2 3 4 5 6 7 |  7.5
Stealth        | 2 |  2.6
Throwing       | |  0.5

Action                   |  1- 3 |  4- 6 |  7- 9 | 10-12 | 13-15 || total
-------------------------+-------+-------+-------+-------+-------++-------
Melee: Unarmed           |    82 |    84 |   331 |   718 |   220 ||  1435
       Punch             |     2 |     1 |       |       |       ||     3
Throw: Large rock        |       |       |       |     7 |       ||     7
       Throwing net      |       |       |       |     1 |       ||     1
Invok: Heroism           |       |     1 |     4 |     5 |     3 ||    13
       Finesse           |       |       |       |       |     1 ||     1
  Use: Scroll            |       |     7 |     1 |     8 |     3 ||    19
       Potion            |       |       |     1 |     2 |     6 ||     9
 Stab: Sleeping          |       |     3 |     9 |     3 |       ||    15
       Distracted        |       |     1 |       |       |       ||     1
       Paralysed         |       |       |       |     1 |       ||     1
  Eat: Chunk             |    15 |    10 |    31 |    48 |     7 ||   111
Armor: Robe              |    34 |    35 |   141 |   170 |    23 ||   403
       Ice dragon scales |       |       |       |       |    45 ||    45
Dodge: Dodged            |    53 |    44 |   135 |   218 |    70 ||   520
Block: Kite shield       |       |     3 |   100 |   327 |   135 ||   565
       Reflection        |       |       |       |    14 |     4 ||    18

Table legend:
 A = Non-vault XP
 B = Vault XP
 C = Vault XP percentage of total XP
 D = Non-vault monster count
 E = Vault monster count
 F = Vault count percentage of total count
                 A         B        C        D         E       F
            +---------+---------+-------+---------+---------+-------
      Total |   34602 |   17292 |  33.3 |     327 |     103 |  24.0
            +---------+---------+-------+---------+---------+-------
        D:1 |      29 |       0 |   0.0 |      19 |       0 |   0.0
        D:2 |      48 |       0 |   0.0 |      18 |       0 |   0.0
        D:3 |     177 |       0 |   0.0 |      26 |       0 |   0.0
        D:4 |     168 |     377 |  69.2 |      13 |       3 |  18.8
        D:5 |    1084 |     137 |  11.2 |      29 |      31 |  51.7
        D:6 |     767 |      34 |   4.2 |      13 |       1 |   7.1
        D:7 |     630 |       0 |   0.0 |      14 |       0 |   0.0
        D:8 |    1178 |    3608 |  75.4 |      31 |       4 |  11.4
        D:9 |    1459 |     217 |  12.9 |      22 |       5 |  18.5
       D:10 |    4177 |    1013 |  19.5 |      29 |      11 |  27.5
       D:11 |    5354 |    3027 |  36.1 |      33 |      18 |  35.3
       D:12 |    3573 |       0 |   0.0 |      16 |       0 |   0.0
       D:13 |    9816 |       0 |   0.0 |      42 |       0 |   0.0
       D:14 |    3309 |    5661 |  63.1 |      10 |      19 |  65.5
    Abyss:3 |    2833 |       0 |   0.0 |      12 |       0 |   0.0
      IceCv |       0 |    3218 | 100.0 |       0 |      11 | 100.0
            +---------+---------+-------+---------+---------+-------
